Map: Neon Violet Square LE

Players

MrBangoJango

  • Race: Zerg Zerg
  • League: Gold
  • Spawn Location: 11:00

CinDra - Winner!

  • Race: Zerg Zerg
  • League: Gold
  • Spawn Location: 5:00

VOD

Have the link to the VOD?

Description

Time

  • Played on: March 14, 2018, 3:09 p.m.
  • Length: 5:57
Show
View Real Time Build Order
Export as new Build Order

MrBangoJango Zerg 

Build Orders: Pool First 

Get SALT Encoding   

  12  0:20  Spawning Pool  
  11  0:22  Drone  
  11  0:27  Drone  
  13  0:32  Drone  
  14  0:41  Overlord  
  14  0:48  Drone, Extractor  
  15  1:07  Queen  
  15  1:09  Zergling x4  
  19  1:17  Zergling x2  
  20  1:28  Overlord  
  20  1:38  Zergling x2  
  21  1:50  Zergling x2  
  22  2:00  Zergling x2  
  23  2:16  Zergling x8  
  27  2:49  Zergling x2  
  27  2:50  Zergling x4  
  30  3:07  Hatchery  
  23  3:14  Hatchery  
  19  3:21  Hatchery  
  17  3:31  Drone x6  
  23  3:34  Extractor  
  23  3:38  Extractor  
  21  3:53  Drone  
  21  3:54  Drone  
  23  4:01  Drone x3  
  26  4:13  Overlord  
  26  4:33  Zergling x2  
  26  4:34  Zergling x8  
  30  4:39  Baneling Nest  
  27  4:51  Zergling x2  
  28  5:04  Zergling x4  
  27  5:19  Zergling x2  
  27  5:20  Zergling x10  
  30  5:25  Baneling x4  
  23  5:34  Zergling x2  
Show
View Real Time Build Order
Export as new Build Order

CinDra Zerg - Winner!

Build Orders: Hatch First 

Get SALT Encoding   

  12  0:01  Drone  
  13  0:13  Overlord  
  13  0:18  Drone  
  14  0:34  Drone  
  14  0:35  Drone  
  16  0:36  Drone  
  17  0:55  Hatchery  
  16  1:01  Drone x2  
  18  1:10  Drone  
  19  1:15  Extractor  
  18  1:20  Spawning Pool  
  18  1:24  Drone  
  18  1:29  Drone  
  19  1:39  Overlord  
  19  1:55  Drone  
  20  2:07  Queen x2  
  25  2:08  Zergling x4  
  25  2:12  Zergling x2  
  27  2:17  Metabolic Boost  
  27  2:25  Drone x2  
  30  2:30  Zergling x2  
  30  2:33  Zergling x2  
  31  2:41  Zergling x2  
  32  2:54  Overlord  
  32  2:55  Overlord  
  32  3:12  Queen  
  28  3:20  Queen  
  30  3:31  Zergling x20  
  30  3:32  Zergling x2  
  41  3:39  Overlord  
  41  3:42  Overlord  
  41  3:52  Zergling x2  
  42  3:57  Drone  
  42  4:02  Zergling x6  
  46  4:03  Drone  
  47  4:26  Drone x7  
  54  4:34  Zergling x8  
  58  4:54  Zergling x4  
  58  4:55  Overlord x2  
  59  5:12  Zergling x2  
  59  5:13  Zergling x4  
  57  5:21  Zergling x2  
  55  5:36  Zergling x10  
  55  5:37  Zergling x6  
  55  5:38  Overlord  
Tags
 
Add a new tag
Caveats
  • Supply blocks, unpowered buildings, or Contaminate may cause inaccurate times.
  • Supply counts are checked every 10 seconds.